 Dungeon Crawl Stone Soup version 0.22-a0-596-gfbd32a6 (webtiles) character file.

56 iamserjio the Chopper (level 3, 0/29 HPs)
             Began as a Demonspawn Berserker on July 5, 2018.
             Was a Follower of Trog.
             Slain by a phantom (6 damage)
             ... on level 4 of the Dungeon.
             The game lasted 00:02:31 (341 turns).

iamserjio the Chopper (Demonspawn Berserker)         Turns: 341, Time: 00:02:31

Health: 0/29       AC:  5    Str: 18    XL:     3   Next: 71%
Magic:  0/3        EV: 11    Int:  8    God:    Trog [*.....]
Gold:   65         SH:  0    Dex: 12    Spells: 2/2 levels left

rFire    . . .     SeeInvis .   a - +0 hand axe
rCold    . . .     Gourm    .   (no shield)
rNeg     . . .     Faith    .   d - +0 ring mail
rPois    .         Spirit   +   (no helmet)
rElec    .         Reflect  .   (no cloak)
rCorr    .         Harm     .   (no gloves)
MR       .....                  (no boots)
Stlth    +.........             (no amulet)
HPRegen  0.09/turn              (no ring)
MPRegen  0.08/turn              (no ring)

@: berserk cooldown, slowed, very slow
A: magic shield
a: Berserk, Renounce Religion


You were on level 4 of the Dungeon.
You worshipped Trog.
Trog was aware of your devotion.
You were not hungry.

You visited 1 branch of the dungeon, and saw 4 of its levels.

You collected 65 gold pieces.

Inventory:

Hand Weapons
 a - a +0 hand axe (weapon)
Armour
 b - a +0 animal skin
 d - a +0 ring mail (worn)
Potions
 e - a potion of heal wounds {unknown}
Comestibles
 c - 2 rations
 f - a chunk of flesh


   Skills:
 + Level 3.4 Fighting
 * Level 3.6 Axes
 + Level 2.4 Armour
 - Level 1.7 Dodging


You had 2 spell levels left.
You didn't know any spells.
Your spell library was empty.

Dungeon Overview and Level Annotations

Branches:
Dungeon (4/15)
 Temple: D:4-7

Altars:


Innate Abilities, Weirdness & Mutations

When hurt, damage is shared between your health and your magic reserves.


Message History

a leather armour; a chunk of flesh There isn't anything to butcher here.
There isn't anything to butcher here.
You closely miss the phantom.
The phantom blinks!
You see here 13 gold pieces.
You barely miss the phantom. The phantom hits you! The phantom hits you.
* * * LOW HITPOINT WARNING * * *
The phantom blinks!
You now have 65 gold pieces (gained 13).
The phantom blinks!
Okay, then.
Found a ring mail.
You hit the phantom.
The phantom is lightly damaged.
The phantom barely misses you.
The phantom hits you but does no damage.
You hit the phantom.
The phantom is lightly damaged.
The phantom hits you!
You die...

............#...#
.......)....#...#
............#...#
.......)....#####
##+####.[...#
#.....+ #.....#
#.....# #W@...#
.....'.....#
.....#.....'...
.....#.....#...
.... #.....###'
.[.. ######. ...
.. ..


You could see a phantom.

Vanquished Creatures
  A hound (D:4)
  An adder (D:2)
  2 leopard geckos
  4 orcs (D:4)
  2 goblins (D:1)
  2 frilled lizards
  2 rats
14 creatures vanquished.

Notes
Turn   | Place    | Note
-------+----------+-------------------------------------------
     0 | D:1      | iamserjio the Demonspawn Berserker began the quest for the Orb.
     0 | D:1      | Reached XP level 1. HP: 18/18 MP: 1/1
   190 | D:2      | Gained mutation: When hurt, damage is shared between your health and your magic reserves. [demonic ancestry]
   190 | D:2      | Reached XP level 2. HP: 18/24 MP: 2/2
   320 | D:4      | Noticed a phantom
   321 | D:4      | Reached XP level 3. HP: 25/29 MP: 1/3
   341 | D:4      | Slain by a phantom

Vault maps used:
D:1:      nzn_arrival_depleted_hourglass, serial_forest,
          infiniplex_forest_straight_5, infiniplex_forest_straight_3,
          infiniplex_forest_lined_room_3, infiniplex_forest_corner_1,
          infiniplex_forest_straight_2, infiniplex_forest_straight_4,
          infiniplex_forest_clump_tiny, nrook_uturn, minivault_27, st_stairs_13
D:2:      nemelex_xobeh_ov_fountains_minmay, chequers_ecumenical_altar_simple,
          first_ration, uniq_jessica
D:3:      minmay_wonky_spiral, uniq_ijyb
D:4:      uniq_pikel

Skill      XL: |  1 |
---------------+----+-----
Axes           | 3 |  3.6
Armour         | 2 |  2.4
Fighting       | |  3.4
Dodging        | |  1.7

Action                   || total
-------------------------++-------
Melee: Hand axe          ||    40
Invok: Berserk           ||     2
Armor: Ring mail         ||     5
       Animal skin       ||     2
Dodge: Dodged            ||    23

Table legend:
 A = Spawn XP
 B = Non-spawn XP
 C = Spawn XP percentage of total XP
 D = Spawn monster count
 E = Non-spawn monster count
 F = Spawn count percentage of total count
 G = Total turns spent on level
                    A         B        C        D         E        F      G
               +---------+---------+-------+---------+---------+-------+---------
         Total |       0 |      81 |   0.0 |       0 |      14 |   0.0 |   341
               +---------+---------+-------+---------+---------+-------+---------
           D:1 |       0 |       7 |   0.0 |       0 |       4 |   0.0 |   172
           D:2 |       0 |      19 |   0.0 |       0 |       4 |   0.0 |    49
           D:4 |       0 |      55 |   0.0 |       0 |       6 |   0.0 |   105
               +---------+---------+-------+---------+---------+-------+---------
